Map: Automaton LE

Players

Probe - Winner!

  • Race: Protoss Protoss
  • Spawn Location: 9:00

iGCoffeeMs (Coffee)

  • Race: Terran Terran
  • League: Grandmaster
  • Spawn Location: 3:00

Event: 2019 WCS Winter Americas

VOD

Have the link to the VOD?

Description

Time

  • Played on: Feb. 15, 2019, 1:39 p.m.
  • Length: 13:44

All games in this series

Show
View Real Time Build Order
Export as new Build Order

Probe Protoss - Winner!

Build Orders: 1 Gate Expand, Blink Stalkers 

Get SALT Encoding   

  12  0:00  Probe  
  13  0:12  Probe  
  14  0:18  Pylon  
  14  0:24  Probe  
  15  0:33  Probe  
  15  0:38  Gateway  
  15  0:41  Probe  
  16  0:46  Assimilator  
  17  0:51  Probe  
  18  1:03  Probe  
  19  1:15  Probe  
  20  1:24  Nexus  
  20  1:34  Cybernetics Core  
  20  1:37  Probe  
  21  1:44  Assimilator  
  21  1:49  Probe  
  22  1:55  Pylon  
  22  2:01  Probe  
  22  2:04  Adept  
  23  2:09  Probe  
  26  2:17  Probe  
  26  2:18  Twilight Council  
  27  2:23  Warp Gate  
  27  2:27  Probe  
  28  2:34  Stalker, Probe  
  28  2:36  Blink  
  30  2:41  Probe  
  30  2:42  Probe  
  33  2:51  Probe  
  33  2:53  Probe  
  35  3:03  Probe  
  35  3:05  Probe  
  37  3:12  Robotics Facility  
  37  3:15  Probe  
  37  3:17  Probe  
  41  3:27  Probe  
  41  3:28  Pylon  
  41  3:29  Probe  
  41  3:32  Gateway  
  41  3:33  Gateway  
  41  3:40  Probe  
  42  3:41  Probe  
  42  3:47  Pylon  
  43  3:52  Probe  
  43  3:54  Probe  
  45  3:57  Pylon  
  45  4:00  Observer  
  46  4:04  Probe  
  46  4:06  Probe  
  46  4:07  Assimilator  
  48  4:11  Stalker  
  48  4:13  Nexus  
  50  4:21  Observer  
  51  4:28  Stalker x2  
  50  4:32  Probe  
  50  4:36  Stalker, Probe  
  47  4:41  Probe  
  47  4:43  Observer  
  47  4:44  Probe  
  49  4:49  Probe  
  49  4:51  Stalker x2  
  49  4:52  Probe  
  54  4:57  Pylon  
  54  4:59  Probe  
  56  5:00  Stalker  
  59  5:07  Probe  
  59  5:11  Probe  
  61  5:19  Probe  
  62  5:23  Probe  
  62  5:26  Probe  
  64  5:31  Forge, Probe  
  64  5:33  Forge  
  64  5:35  Probe  
  66  5:37  Protoss Ground Armor Level 1  
  66  5:38  Probe  
  66  5:43  Probe  
  66  5:47  Protoss Ground Weapons Level 1, Probe  
  67  5:50  Probe  
  67  5:51  Stalker x3  
  67  5:56  Probe  
  70  5:59  Probe  
  67  6:06  Probe  
  67  6:08  Charge, Probe  
  64  6:16  Observer  
  64  6:18  Probe  
  66  6:21  Probe  
  67  6:25  Gateway  
  67  6:26  Probe  
  67  6:27  Gateway  
  67  6:30  Probe  
  69  6:33  Probe  
  69  6:38  Gateway  
  70  6:42  Gateway  
  70  6:43  Gateway  
  70  6:45  Sentry x2  
  70  6:46  Zealot  
  76  6:48  Probe  
  76  6:50  Observer  
  76  6:51  Probe x2  
  80  6:54  Pylon  
  80  7:00  Probe  
  80  7:03  Probe  
  80  7:04  Probe  
  80  7:07  Stalker  
  82  7:08  Stalker  
  82  7:09  Pylon  
  82  7:12  Probe  
  85  7:16  Probe  
  85  7:19  Protoss Ground Armor Level 2  
  85  7:21  Observer  
  86  7:25  Zealot x2  
  86  7:28  Immortal  
  94  7:31  Pylon  
  94  7:38  Zealot x3  
  100  7:44  Protoss Ground Weapons Level 2  
  100  7:45  Pylon  
  100  7:46  Pylon  
  100  7:47  Pylon  
  100  7:52  Zealot x3  
  100  7:53  Zealot  
  100  7:57  Zealot  
  110  8:00  Zealot x2  
  110  8:01  Zealot  
  116  8:11  Pylon  
  116  8:12  Pylon  
  120  8:27  Zealot x5  
  120  8:29  Warp Prism  
  120  8:34  Stalker x3  
  127  8:37  Probe  
  131  8:41  Probe  
  131  8:42  Probe  
  133  8:49  Observer  
  133  8:53  Zealot x5  
  143  8:58  Pylon  
  143  9:01  Stalker  
  145  9:06  Nexus  
  135  9:25  Zealot x3  
  135  9:26  Probe  
  135  9:27  Probe x2  
  139  9:31  Sentry  
  139  9:32  Zealot x3, Sentry  
  149  9:38  Probe x2  
  149  9:39  Probe  
  152  9:46  Probe x2  
  152  9:47  Probe  
  152  9:48  Stalker  
  157  9:54  Probe  
  157  9:55  Stalker x2, Probe x2  
  164  10:05  Probe  
  165  10:14  Pylon x2  
  165  10:15  Pylon  
  165  10:16  Pylon  
  165  10:19  Probe x2  
  154  10:21  Protoss Ground Armor Level 3  
  154  10:22  Stalker x3  
  145  10:30  Zealot, Probe  
  145  10:31  Probe x2  
  145  10:35  Probe  
  147  10:39  Probe x3  
  147  10:48  Probe x2  
  150  10:50  Probe  
  153  11:00  Stalker  
  153  11:01  Stalker  
  153  11:02  Protoss Ground Weapons Level 3  
  157  11:08  Stalker x2  
  157  11:10  Probe  
  160  11:11  Probe  
  160  11:18  Probe  
  162  11:23  Probe x2  
  162  11:24  Probe  
  165  11:27  Templar Archives  
  165  11:34  Probe  
  165  11:35  Probe  
  165  11:37  Pylon  
  165  11:38  Stalker x2  
  171  11:46  Stalker x3  
  177  11:48  Stalker  
  179  11:58  Zealot x2  
  163  12:11  Zealot x5  
  163  12:21  Probe x2  
  163  12:22  Probe x2  
  161  12:23  Zealot  
  161  12:24  Zealot x2  
  155  12:33  Probe x2  
  155  12:35  Zealot  
  155  12:36  Zealot x4  
  165  12:46  Probe x2  
  165  12:49  Zealot x3  
  173  12:52  Assimilator  
  173  12:53  Assimilator  
  173  12:54  Assimilator  
  173  12:55  Warp Prism  
  173  12:58  Zealot x5  
  185  13:12  Zealot x3  
  191  13:26  Zealot x4  
  199  13:29  Nexus  
Show
View Real Time Build Order
Export as new Build Order

iGCoffeeMs Terran 

Build Orders: Liberator Opening 

Get SALT Encoding   

  12  0:01  SCV  
  13  0:13  SCV  
  14  0:17  Supply Depot  
  14  0:25  SCV  
  15  0:39  SCV  
  15  0:40  Barracks  
  16  0:44  Refinery  
  16  0:51  SCV  
  17  1:03  SCV  
  18  1:15  SCV  
  19  1:27  Marine  
  19  1:28  Orbital Command  
  20  1:44  Command Center  
  20  1:55  Factory  
  20  1:59  SCV  
  21  2:03  Barracks Reactor  
  21  2:11  SCV  
  21  2:14  Supply Depot  
  22  2:16  Refinery  
  22  2:23  SCV  
  23  2:36  SCV  
  24  2:39  Hellion  
  24  2:41  Starport  
  24  2:42  Marine x2  
  28  2:55  SCV  
  29  3:00  Orbital Command  
  29  3:01  Hellion  
  31  3:07  Marine x2  
  31  3:10  SCV  
  34  3:17  Medivac  
  36  3:22  Hellion  
  36  3:26  Marine x2  
  40  3:30  Liberator, Supply Depot  
  40  3:34  SCV  
  41  3:37  SCV  
  42  3:43  Factory Tech Lab  
  45  3:51  Barracks  
  45  3:53  SCV x2  
  47  3:58  Marine x2  
  49  4:03  Supply Depot  
  49  4:05  SCV  
  50  4:11  Siege Tank  
  50  4:12  SCV  
  50  4:16  Supply Depot  
  52  4:34  Marine  
  52  4:35  Liberator  
  48  4:40  Marine  
  48  4:43  SCV x2, Siege Tank  
  48  4:44  Engineering Bay  
  46  4:45  Refinery  
  46  4:50  Barracks Tech Lab  
  46  4:52  Marine  
  47  4:55  SCV x2  
  47  4:58  Marine  
  47  4:59  Supply Depot  
  53  5:07  SCV  
  53  5:08  SCV  
  53  5:09  Marine  
  53  5:11  Marine  
  53  5:12  Stimpack  
  57  5:20  SCV x2  
  55  5:29  Marine  
  55  5:30  Siege Tank, Marine  
  55  5:32  SCV x2  
  55  5:34  Marine  
  55  5:44  SCV  
  55  5:47  SCV, Marine x2  
  55  5:52  Marauder  
  55  5:56  SCV  
  51  5:59  SCV  
  52  6:05  Marine x2  
  52  6:08  SCV  
  52  6:11  SCV  
  52  6:13  Marauder  
  52  6:14  Widow Mine  
  57  6:20  SCV, Barracks  
  57  6:23  SCV  
  59  6:26  Starport Reactor  
  59  6:32  Marine x2  
  60  6:35  Marauder, SCV  
  64  6:42  SCV  
  64  6:45  Terran Infantry Weapons Level 1  
  65  6:47  Factory Reactor  
  65  6:50  SCV  
  65  6:53  Marine x2  
  69  6:54  SCV  
  69  6:59  Marauder  
  71  7:06  Medivac x2  
  75  7:09  Supply Depot  
  75  7:12  SCV  
  75  7:14  SCV  
  77  7:15  Marine  
  77  7:19  Combat Shield  
  78  7:28  Supply Depot  
  78  7:29  Supply Depot  
  78  7:30  Marine  
  78  7:31  Marauder  
  78  7:34  Widow Mine x2  
  84  7:41  Marauder  
  85  7:49  Marine  
  85  7:50  Medivac x2, Marine  
  91  7:52  SCV, Refinery  
  91  7:53  SCV  
  93  7:58  Supply Depot  
  93  8:04  Marauder  
  93  8:05  Marauder  
  97  8:08  Widow Mine  
  97  8:09  Widow Mine  
  101  8:14  Marine  
  101  8:19  Concussive Shells  
  102  8:21  Supply Depot x2  
  83  8:29  Marauder x2  
  87  8:34  Medivac x2  
  87  8:37  Marine  
  87  8:38  Marine  
  87  8:40  SCV x2  
  94  8:42  Widow Mine x2  
  98  8:53  Barracks  
  98  8:54  Barracks  
  98  8:57  Marauder  
  98  9:00  Marine x2  
  102  9:07  Medivac x2  
  106  9:12  Widow Mine x2  
  112  9:17  Marauder  
  112  9:31  Marine x2  
  112  9:32  Marauder  
  112  9:33  Widow Mine  
  120  9:38  Marauder  
  120  9:49  Barracks Reactor, Barracks Tech Lab  
  120  9:50  Marine x2  
  122  9:53  Marauder  
  122  9:56  Supply Depot x2  
  122  9:57  Widow Mine  
  126  10:05  Widow Mine  
  126  10:07  Marauder  
  126  10:11  Marine  
  126  10:12  Marauder, Marine  
  119  10:29  Marine  
  119  10:30  Marauder x2  
  119  10:34  Marine x2  
  119  10:35  Marine x2  
  123  10:36  Widow Mine x2  
  123  10:42  Medivac x2  
  123  10:49  Marine  
  124  10:51  Marauder x2  
  124  10:52  Marine  
  124  10:53  Terran Infantry Armor Level 1  
  129  10:59  Widow Mine x2  
  133  11:11  Marauder  
  135  11:12  Marauder  
  137  11:21  Marauder, Marine x2  
  133  11:36  Marauder x2, Widow Mine  
  139  11:42  Marauder  
  140  11:47  Marine x2  
  142  11:59  Marine  
  142  12:03  Marine  
  142  12:05  Marauder, Marine  
  142  12:06  Marine  
  133  12:13  Widow Mine x2  
  118  12:22  Marine x2  
  113  12:23  Marauder  
  113  12:24  Marauder  
  113  12:26  Marauder  
  108  12:34  Widow Mine  
  108  12:35  Marine  
  91  12:44  Orbital Command  
  91  12:45  Marauder x2  
  91  12:48  Marauder  
  97  12:55  Marine x2  
  97  12:57  Marine x2  
  101  13:06  Marauder  
  101  13:07  Marauder  
  101  13:09  Marauder  
  107  13:13  Supply Depot  
  107  13:15  Supply Depot  
  107  13:16  Supply Depot  
Tags
 
Add a new tag
Caveats
  • Supply blocks, unpowered buildings, or Contaminate may cause inaccurate times.
  • Supply counts are checked every 10 seconds.